 Dungeon Crawl Stone Soup version 0.30-a0-1002-ga41ad49a19 (webtiles) character file.

Game seed: 12260174071870996577

63690 CryoSword the Zephyrmancer (level 14, -16/119 HPs)
             Began as a Demigod Air Elementalist on Apr 5, 2023.
             Demolished by a skeletal warrior
             ... wielding a +0 battleaxe
              (19 damage)
             ... on level 11 of the Dungeon.
             The game lasted 00:51:42 (32165 turns).

CryoSword the Zephyrmancer (DgAE)                  Turns: 32165, Time: 00:51:43

Health: -16/119    AC: 14    Str: 29    XL:     14   Next: 31%
Magic:  26/26      EV: 13    Int: 25    God:
Gold:   1580       SH:  0    Dex: 14    Spells: 13/24 levels left

rFire   . . .      SeeInvis .    w - +5 Lochaber axe {reach-cleave, Poleaxe Drain}
rCold   + + .      Faith    .    (shield currently unavailable)
rNeg    . . .      Spirit   .    u - +1 ring mail of the Fiend {Rampage rPois rC++ Stlth+}
rPois   +          Reflect  .    U - +1 helmet
rElec   .          Rampage  +    E - +0 cloak
rCorr   .                        O - +0 pair of gloves
Will    +....                    q - +2 pair of boots
Stlth   +++                      g - amulet of the acrobat
HPRegen 0.39/turn                Q - +6 ring of strength {=R}
MPRegen 0.20/turn                p - +6 ring of strength

@: no status effects
A: high MP 1, forlorn, divine attributes
a: no special abilities


You were on level 11 of the Dungeon.
You visited 2 branches of the dungeon, and saw 16 of its levels.
You also visited: Sewer and Bailey.

You collected 1836 gold pieces.
You spent 256 gold pieces at shops.

Inventory:

Hand Weapons
 a - a +3 demon trident of venom
   (You found it on level 10 of the Dungeon)
 w - the +5 Lochaber axe (weapon) {reach-cleave, Poleaxe Drain}
   (You found it on level 5 of the Lair of Beasts)

   Poleaxe:   It uses either Axes or Polearms skill, whichever is higher.
   Drain:     It drains your maximum health when unequipped.
Missiles
 f - 3 curare-tipped darts (quivered)
 L - 11 throwing nets
Armour
 q - a +2 pair of boots (worn)
   (You found it on level 2 of the Dungeon)
 u - the +1 ring mail of the Fiend (worn) {Rampage rPois rC++ Stlth+}
   (You found it on level 11 of the Dungeon)

   rC:        It greatly protects you from cold.
   rPois:     It protects you from poison.
   Rampage:   It bestows one free step when moving towards enemies.
   Stlth:     It makes you more stealthy.
 E - a +0 cloak (worn)
   (You found it on level 5 of the Dungeon)
 O - a +0 pair of gloves (worn)
   (You found it on level 3 of the Lair of Beasts)
 U - a +1 helmet (worn)
   (You found it on level 4 of the Lair of Beasts)
 Y - +0 fire dragon scales
   (You found it on level 5 of the Lair of Beasts)
Jewellery
 g - an amulet of the acrobat (around neck)
   (You found it on level 1 of the Dungeon)
 m - a ring of positive energy
   (You found it on level 2 of the Dungeon)
 p - a +6 ring of strength (right hand)
   (You found it on level 3 of the Lair of Beasts)
 J - a ring of protection from fire
   (You found it on level 7 of the Dungeon)
 Q - a +6 ring of strength (left hand) {=R}
   (You found it on level 7 of the Dungeon)
 R - a ring of resist corrosion
   (You found it on level 1 of the Lair of Beasts)
Wands
 y - a wand of digging (1)
   (You found it on level 11 of the Dungeon)
 B - a wand of iceblast (15)
   (You found it on level 5 of the Dungeon)
 I - a wand of charming (26)
   (You found it on level 7 of the Dungeon)
 N - a wand of quicksilver (6)
   (You found it on level 7 of the Dungeon)
 V - a wand of mindburst (13)
   (You found it on level 5 of the Lair of Beasts)
Scrolls
 c - 2 scrolls of fear
 e - 8 scrolls of teleportation {@r4}
 h - 4 scrolls of blinking
 i - 5 scrolls of fog {unknown}
 o - 2 scrolls of brand weapon {unknown}
 r - a scroll of identify {@r1}
 D - 5 scrolls of amnesia
 H - 5 scrolls of magic mapping {unknown}
 P - 2 scrolls of poison {unknown}
 W - a scroll of acquirement {unknown}
 Z - 2 scrolls of summoning
Potions
 b - 2 potions of magic
 d - 6 potions of brilliance
 j - 2 potions of heal wounds {@q2}
 k - 2 potions of invisibility
 l - 6 potions of curing {@q1}
 n - 3 potions of flight
 t - 4 potions of might {unknown}
 v - 2 potions of cancellation
 x - 2 potions of lignification {!q}
 z - 2 potions of berserk rage
 A - a potion of ambrosia {unknown}
 C - a potion of degeneration {unknown}
 F - 2 potions of haste {@q3}
 M - a potion of resistance
 S - 2 potions of mutation {unknown}
Miscellaneous
 X - a phantom mirror
   (You found it on level 5 of the Lair of Beasts)


   Skills:
 + Level 9.8 Fighting
 * Level 11.8(12.5) Polearms
 - Level 6.4(10.0) Staves
 - Level 3.8 Armour
 - Level 4.7 Dodging
 - Level 5.0 Stealth
 - Level 5.6 Spellcasting
 - Level 5.0 Conjurations
 - Level 1.0 Necromancy
 - Level 14.5 Air Magic


You had 13 spell levels left.
You knew the following spells:

 Your Spells              Type           Power      Damage    Failure   Level
a - Airstrike             Air            34%        2d(5-21)  1%          4
b - Static Discharge      Conj/Air       100%       2-7/arc   1%          2
z - Sublimation of Blood  Necr           12%        N/A       11%         2
S - Swiftness             Air            68%        N/A       1%          3

Your spell library contained the following spells:

 Spells                   Type           Power      Damage    Failure   Level
 Magic Dart               Conj           100%       1d8       1%          1
 Shock                    Conj/Air       100%       1d9       1%          1
 Cigotuvi's Dreadful Rot  Necr/Pois/Air  64%        N/A       1%          2
 Poisonous Vapours        Pois/Air       86%        N/A       1%          2
 Searing Ray              Conj           64%        2d6       2%          2
 Kiss of Death            Conj/Necr      88%        2d12      3%          1
 Kindle Blastsparks       Fire/Tloc/Air  62%        2d15      4%          3
 Sting                    Tmut/Pois      28%        1d4       11%         1
 Summon Small Mammal      Summ           28%        N/A       11%         1
 Lesser Beckoning         Tloc           14%        N/A       17%         2
 Freezing Cloud           Conj/Ice/Air   19%        6-21      22%         5
 Call Canine Familiar     Summ           7%         N/A       32%         3
 Confusing Touch          Hex            7%         N/A       32%         3
 Gell's Gravitas          Tloc           7%         N/A       32%         3
 Ignite Poison            Fire/Tmut/Pois 7%         N/A       32%         3
 Inner Flame              Hex/Fire       7%         N/A       32%         3
 Ozocubu's Armour         Ice            7%         N/A       32%         3
 Summon Guardian Golem    Hex/Summ       7%         N/A       32%         3
 Teleport Other           Tloc           7%         N/A       32%         3
 Tukima's Dance           Hex            7%         N/A       32%         3
 Flame Wave               Conj/Fire      19%        2d7       36%         4
 Fulminant Prism          Conj/Hex       9%         3d7       36%         4
 Sticky Flame             Conj/Fire      19%        2d4       36%         4
 Iskenderun's Battlesphe  Conj           32%        2d8       36%         5
 Dispel Undead            Necr           12%        3d9       56%         4
 Animate Armour           Summ/Erth      14%        N/A       73%         4
 Ice Form                 Ice/Tmut       7%         N/A       73%         4
 Leda's Liquefaction      Hex/Erth       3%         N/A       73%         4
 Olgreb's Toxic Radiance  Pois           7%         N/A       73%         4
 Passage of Golubria      Tloc           7%         N/A       73%         4
 Petrify                  Tmut/Erth      7%         N/A       73%         4
 Irradiate                Conj/Tmut      9%         3d14      73%         5
 Blade Hands              Tmut           3%         N/A       97%         5
 Metabolic Englaciation   Hex/Ice        3%         N/A       97%         5
 Yara's Violent Unravell  Hex/Tmut       3%         3d4       97%         5
 Iron Shot                Conj/Erth      9%         9d3       99%         6
 Death Channel            Necr           6%         N/A       100%        6
 Dispersal                Tloc           3%         N/A       100%        6
 Simulacrum               Ice/Necr       4%         N/A       100%        6
 Spellforged Servitor     Conj/Summ      9%         N/A       100%        7


Dungeon Overview and Level Annotations

Branches:
Dungeon (11/15)            Temple (0/1) D:6            Lair (5/5) D:10
  Swamp (0/4) Lair:2       Spider (0/4) Lair:3        Slime (0/5) Lair:4
    Orc (0/2) D:11          Sewer (visited)          Bailey (visited)

Shops:
D:7 !

Annotations:
Lair:5 exclusion: oklob plant


Innate Abilities, Weirdness & Mutations

You have an increased reservoir of magic. (+10% MP)
You shall have no god before yourself.
Your divine heritage dramatically boosts your attributes as you level up.


Message History

The wraith hits you! The wraith drains your vigour!
You feel yourself slow down.
You hear an angry hiss.
You slice the wraith!!
You destroy the wraith!
You slash the howler monkey! The howler monkey closely misses you.
The howler monkey hits you.
You closely miss the howler monkey. The howler monkey hits you.
The howler monkey closely misses you. x2
You hit the howler monkey.
You kill the howler monkey!
You see here a howler monkey corpse.
You start resting.
You feel yourself speed up.
There is an open door here.
There is an open door here.
You open the door.
There is an open door here.
There is an open door here.
There is an open door here.
There is an open door here.
There is an open door here.
There is an open door here.
There is a stone staircase leading up here.
You see here a +0 rapier.
You see here a +0 shortbow.
There is an open door here.
Things that are here:
a +0 war axe; a +0 plate armour; an orc skeleton
Things that are here:
a +0 robe of cold resistance; a +0 dagger You now have 1506 gold pieces (gained 46).
There is a broken door, spattered with blood here.
Things that are here:
a +0 robe; a +4 heavy battleaxe
r - a scroll of identify {@r1} You now have 1580 gold pieces (gained 74).
Things that are here:
a +0 robe; a +0 whip of holy wrath; a +0 long sword You see here a +0 shortbow.
You see here a +0 pair of gloves.
There is an open door here.
A deep troll comes into view.
Found a war axe.
The deep troll shouts!
You slice the deep troll!!
The deep troll bites you but does no damage.
The deep troll barely misses you. x2
You hit the deep troll.
The deep troll bites you but does no damage.
The deep troll barely misses you. The deep troll closely misses you.
You completely miss the deep troll. The deep troll misses you.
The deep troll claws you!
The deep troll claws you but does no damage.
The deep troll bites you but does no damage.
The deep troll claws you! The deep troll barely misses you.
You slash the deep troll!
The deep troll bites you but does no damage.
The deep troll misses you. The deep troll claws you.
You slash the deep troll! The deep troll bites you! The deep troll claws you!
The deep troll closely misses you. The deep troll bites you!
The deep troll claws you but does no damage.
The deep troll closely misses you.
You are too injured to fight recklessly!
You are too injured to fight recklessly!
Aim: a deep troll (heavily wounded, empty space bonus: 1/8)
The air twists around and strikes the deep troll!
The deep troll bites you!!
* * * LOW HITPOINT WARNING * * *
The deep troll claws you but does no damage.
The deep troll claws you.
* * * LOW HITPOINT WARNING * * *
You slash the deep troll! The deep troll closely misses you.
The deep troll barely misses you. The deep troll claws you!
* * * LOW HITPOINT WARNING * * *
You slash the deep troll!
You kill the deep troll!
There is an open door here.
You see here a +0 pair of gloves.
You close the door.
You start resting.
You start resting.
You open the door.
Things that are here:
a +0 robe; a +0 whip of holy wrath; a +0 long sword A wraith comes into view.
The wraith moves out of view.
There is an open door here.
A two-headed ogre, a shadow and a troll come into view.
The troll shouts!
You hear a shout!
The wraith misses you.
The troll moves out of view.
You completely miss the wraith. The wraith hits you but does no damage.
The wraith misses you.
The two-headed ogre shouts in stereo!
You slice the wraith!! The wraith hits you but does no damage.
You slash the wraith!
You destroy the wraith!
There is an open door here.
You close the door.
A shadow opens the door.
The shadow slips into darkness.
The shadow flickers and vanishes!
Deactivating autopickup; reactivate with Ctrl-A.
The shadow strikes at you from the darkness!
Reactivating autopickup.
There is an open door here.
You slash the shadow! You slash the two-headed ogre! The shadow hits you. x2
You barely miss the shadow. You slash the two-headed ogre!
The shadow slips into darkness.
The shadow flickers and vanishes!
Deactivating autopickup; reactivate with Ctrl-A.
Something unexpectedly blocked you, preventing you from rampaging!
You closely miss something. You hit the two-headed ogre.
The shadow strikes at you from the darkness!
Reactivating autopickup.
The shadow closely misses you.
You slice the shadow!!
You destroy the shadow!
You barely miss the two-headed ogre. You slice the two-headed ogre!!
You kill the two-headed ogre!
You rampage towards the troll!
You hit the troll. The troll closely misses you. The troll misses you.
The troll claws you but does no damage. The troll completely misses you.
The troll barely misses you. x2
You slice the troll!! You slash the skeletal warrior!
The troll closely misses you. x3
You barely miss the troll. You closely miss the skeletal warrior.
The troll barely misses you. The troll claws you but does no damage.
The troll claws you.
You barely miss the troll. You closely miss the skeletal warrior.
The troll bites you but does no damage. The troll barely misses you.
The troll closely misses you. The troll bites you.
The troll claws you but does no damage. The troll barely misses you.
You slash the troll!
You kill the troll!
You slice the skeletal warrior!! You hit the skeletal warrior.
The skeletal warrior hits you with a +0 battleaxe!! x2
* * * LOW HITPOINT WARNING * * *
You closely miss the skeletal warrior.
The skeletal warrior hits you with a +0 battleaxe!
* * * LOW HITPOINT WARNING * * *
You slice the skeletal warrior!!
The skeletal warrior hits you with a +0 battleaxe.
* * * LOW HITPOINT WARNING * * *
You hit the skeletal warrior.
The skeletal warrior hits you with a +0 battleaxe!!
* * * LOW HITPOINT WARNING * * *
The skeletal warrior hits you with a +0 battleaxe!!
You die...

#..#.##.#.##..)<...
##'#####'###.)###..
##[)#.....#....#.. ##
##[#####.#....#.. #'.
#.[..)#.'....#..
#.###.#.###.#.#.##..
#.....#[.)..#.#.#...
###'#####'###...#... #@#
#.....#...#... #z#
#.#.#.#...#)))
.8W8'.....+.###.+(###)..
8.8.###.###.#.#.#...)...
O8 #.# #.....#....)..
#'#####'###.).....
..................
####.......#......
#....##'#......


You could see a skeletal warrior.

Vanquished Creatures
  2 fire dragons (Lair:5)
  Harold (Lair:2)
  5 hydras
  2 ogre magi
  Erica (Lair:2)
  A centaur warrior (D:11)
  4 boulder beetles
  4 two-headed ogres
  3 death yaks
  A fire crab (Lair:5)
  A skeletal warrior (D:11)
  Nergalle (D:10)
  A deep troll (D:11)
  An orc knight (D:10)
  3 deep elf pyromancers
  6 manticores
  6 elephants
  8 cyclopes
  6 black mambas
  3 molten gargoyles (Lair:5)
  2 unseen horrors (D:11)
  7 cane toads
  10 rime drakes
  Psyche (D:10)
  13 komodo dragons
  A kobold demonologist (D:11)
  A yaktaur (D:10)
  2 trolls (D:11)
  Grinder (D:6)
  3 polar bears
  A hornet (D:10)
  39 blink frogs
  A jumping spider (Lair:3)
  Sigmund (D:3)
  3 slime creatures
  A spriggan (shapeshifter) (D:11)
  5 wraiths
  3 shadows
  23 yaks
  A vampire (D:11)
  2 wyverns
  17 steam dragons
  6 basilisks
  2 vampire mosquitoes
  Grum (Bailey)
  2 wargs (D:11)
  12 water moccasins
  Pargi (Sewer)
  4 hell hounds (Lair:5)
  3 black bears
  4 orc warriors
  3 ogres
  5 wolves (Bailey)
  17 centaurs
  2 kobold brigands
  7 bullfrogs
  2 cane toad simulacra (Lair:5)
  6 gnoll sergeants
  4 scorpions
  20 wights
  A howler monkey (D:11)
  4 electric eels
  A quasit (D:7)
  5 lava snakes (Lair:5)
  2 hounds (Bailey)
  4 orc priests
  16 jellies
  7 gnoll boudas
  Terence (D:3)
  6 iguanas
  Natasha (thrice) (D:3)
  6 orc wizards
  A polar bear simulacrum (Lair:5)
  31 gnolls
  7 adders
  A shadow imp (D:7)
  2 white imps
  4 ufetubi (D:7)
  3 worms
  A dart slug (D:1)
  25 orcs
  18 endoplasms
  5 giant cockroaches
  9 goblins
  12 hobgoblins
  11 jackals
  5 quokkas
  8 ball pythons
  5 bats
  4 frilled lizards
  10 kobolds
  9 rats
526 creatures vanquished.

Vanquished Creatures (others)
  An ogre mage (D:11)
  A black mamba (Lair:5)
  2 rime drakes (Lair:5)
  A steam dragon (Lair:5)
  2 goblins (D:7)
  3 demonic plants (D:7)
  33 fungi
  74 plants
117 creatures vanquished.

Grand Total: 643 creatures vanquished

Notes
Turn   | Place    | Note
-------+----------+-------------------------------------------
     0 | D:1      | CryoSword the Demigod Air Elementalist began the quest for
                  | the Orb.
     0 | D:1      | Reached XP level 1. HP: 14/14 MP: 5/5
    42 | D:1      | Reached skill level 1 in Conjurations
   180 | D:1      | You fall into a shaft and drop 1 floor!
   194 | D:2      | Reached skill level 3 in Air Magic
   202 | D:2      | Reached XP level 2. HP: 16/20 MP: 1/7
   218 | D:2      | Learned a level 2 spell: Static Discharge
  1229 | D:2      | Reached XP level 3. HP: 25/26 MP: 3/8
  2296 | D:2      | Reached XP level 4. HP: 33/33 MP: 5/9
  2456 | D:3      | Noticed Sigmund
  2869 | D:3      | Noticed Natasha
  2882 | D:3      | Killed Natasha
  2883 | D:3      | Reached skill level 4 in Air Magic
  2999 | D:3      | Killed Sigmund
  3000 | D:3      | Reached XP level 5. HP: 26/38 MP: 7/10
  3016 | D:3      | Noticed Terence
  3029 | D:3      | Killed Terence
  3121 | D:3      | Noticed Natasha
  3128 | D:3      | Killed Natasha
  3129 | D:3      | Reached XP level 6. HP: 30/45 MP: 3/11
  3158 | D:3      | Noticed Natasha
  3161 | D:3      | Killed Natasha
  3162 | D:3      | Reached skill level 5 in Air Magic
  4049 | D:4      | Learned a level 3 spell: Swiftness
  4537 | D:5      | Entered Level 5 of the Dungeon
  4719 | D:5      | Reached skill level 1 in Fighting
  4770 | D:5      | Reached XP level 7. HP: 50/52 MP: 2/13
  5046 | D:5      | Reached skill level 5 in Conjurations
  5402 | D:5      | Reached skill level 6 in Air Magic
  5534 | D:5      | Reached skill level 1 in Staves
  6055 | D:6      | Reached XP level 8. HP: 37/63 MP: 11/14
  6140 | D:6      | Found a glowing drain.
  6154 | Sewer    | Entered a sewer
  6253 | Sewer    | Noticed Pargi
  6259 | Sewer    | Killed Pargi
  6490 | D:6      | Reached skill level 7 in Air Magic
  6663 | D:6      | Noticed Grinder
  6983 | D:6      | Killed Grinder
  7019 | D:6      | Found a staircase to the Ecumenical Temple.
  7287 | D:7      | Reached skill level 8 in Air Magic
  7439 | D:7      | Reached XP level 9. HP: 63/73 MP: 5/15
  7537 | D:7      | Noticed an Executioner
  7605 | D:7      | Reached skill level 5 in Fighting
  7703 | D:7      | Found a flagged portal.
  7736 | Bailey   | Entered a bailey
  8257 | Bailey   | Reached skill level 9 in Air Magic
  8309 | Bailey   | Noticed Grum
  8320 | Bailey   | Killed Grum
  8367 | Bailey   | Reached skill level 5 in Staves
  9511 | D:7      | Learned a level 4 spell: Airstrike
  9787 | D:7      | Found Mamepror's Distillery.
  9795 | D:7      | Bought a potion of curing for 48 gold pieces
  9795 | D:7      | Bought a potion of curing for 48 gold pieces
  9795 | D:7      | Bought a potion of resistance for 160 gold pieces
 10215 | D:8      | Reached XP level 10. HP: 83/83 MP: 10/16
 10419 | D:8      | Identified the +1 scale mail "Unkar" {rC++ Stlth-}
 10752 | D:8      | Reached skill level 10 in Air Magic
 12297 | D:9      | Noticed a two-headed ogre
 12313 | D:9      | Killed a two-headed ogre
 12669 | D:10     | Entered Level 10 of the Dungeon
 12669 | D:10     | Found a staircase to the Lair.
 12764 | D:10     | Noticed Nergalle
 12779 | D:10     | Killed Nergalle
 13072 | D:10     | Reached skill level 1 in Polearms
 13178 | D:10     | Noticed Psyche
 13182 | D:10     | Noticed an ogre mage
 13184 | D:10     | Noticed a deep elf pyromancer
 13245 | Lair:1   | Entered Level 1 of the Lair of Beasts
 13265 | Lair:1   | Reached skill level 11 in Air Magic
 13691 | Lair:1   | Reached XP level 11. HP: 92/92 MP: 11/20
 15033 | Lair:1   | Reached skill level 12 in Air Magic
 15252 | Lair:1   | Reached skill level 5 in Polearms
 16278 | Lair:2   | Noticed Erica
 16283 | Lair:2   | Killed Erica
 16732 | Lair:2   | Got Lobrytt's Anthology of Geology and Variation
 16927 | Lair:2   | Found a staircase to the Swamp.
 16941 | Lair:2   | Noticed Harold
 16950 | Lair:2   | Killed Harold
 17372 | Lair:2   | Reached skill level 13 in Air Magic
 17372 | Lair:2   | Reached XP level 12. HP: 100/100 MP: 12/21
 18907 | Lair:3   | Noticed a boulder beetle
 18922 | Lair:2   | Killed a boulder beetle
 19275 | Lair:3   | Noticed an eight-headed hydra
 19279 | Lair:3   | Killed an eight-headed hydra
 19671 | Lair:3   | Found a hole to the Spider Nest.
 20970 | Lair:4   | Found a staircase to the Slime Pits.
 21389 | Lair:5   | Entered Level 5 of the Lair of Beasts
 21855 | Lair:5   | Found a frozen archway.
 22079 | Lair:5   | Reached skill level 5 in Spellcasting
 22155 | Lair:5   | Noticed a five-headed hydra
 22159 | Lair:5   | Noticed a five-headed hydra
 22450 | Lair:4   | Killed a five-headed hydra
 22451 | Lair:4   | Reached skill level 1 in Armour
 22738 | Lair:4   | Reached XP level 13. HP: 43/107 MP: 9/24
 23466 | Lair:5   | Reached skill level 14 in Air Magic
 24894 | Lair:5   | Identified the +3 trident "Killer Klown's Peril" {heavy,
                  | Int+3}
 25730 | Lair:5   | Found a large runed translucent door.
 26596 | Lair:5   | Reached skill level 5 in Stealth
 26716 | Lair:5   | Found a large runed translucent door.
 26725 | Lair:5   | Found the +5 Lochaber axe {reach-cleave, Poleaxe Drain}
 27771 | D:10     | Killed Psyche
 28456 | D:10     | Reached skill level 10 in Polearms
 28766 | D:10     | Learned a level 2 spell: Sublimation of Blood
 29328 | D:11     | Identified the +1 ring mail of the Fiend {Rampage rPois
                  | rC++ Stlth+}
 29366 | D:11     | Reached skill level 1 in Necromancy
 29541 | D:11     | Found a staircase to the Orcish Mines.
 29928 | D:11     | Reached XP level 14. HP: 117/118 MP: 26/26
 30976 | D:11     | Identified the +2 leather armour "Leocw" {rPois rF+++ Will-
                  | Str-5}
 32165 | D:11     | HP: 3/119 [skeletal warrior/+0 battleaxe (25)]
 32165 | D:11     | Demolished by a skeletal warrior

Illustrated notes

Levels and vault maps discovered:
D:1:      erik_arrival_cave_to_civilisation [erik_arrival_cave_to_hall],
          layout_basic, due_unseen_surprise
D:2:      minmay_thinvault, layout_rooms, ebering_ecumenical_altar_box
D:3:      layout_basic, kennysheep_cross_bottleneck, uniq_terence, uniq_natasha,
          uniq_sigmund
D:4:      layout_layer_cave, chequers_big_river, minivault_1, abandoned_shop
D:5:      layout_basic, grunt_ministairs_1, due_unseen_surprise
D:6:      layout_cave_pools, minmay_temple_entry_mist, portal_sewer_entry_f,
          uniq_grinder
D:7:      lemuel_slime, layout_basic, makhleb_altar_promises_db,
          mainiacjoe_overflow_catwalk, enter_bailey_5, serial_shops,
          shop_fountains, serial_demonic, serial_demonic_f, serial_demonic_f,
          serial_demonic_b, serial_demonic_c, serial_demonic_a,
          serial_demonic_f, serial_demonic_b
D:8:      layout_basic, mainiacjoe_overflow_alcove_1
D:9:      layout_roguey, palyth_stone_intersect
D:10:     layout_roguey, lair_entry_dummy, minivault_28, uniq_nergalle,
          uniq_psyche
D:11:     minmay_the_grid_square_5x5_5x5 [minmay_the_grid_square_5x5_misaligned,
          minmay_the_grid_square_5x5_two_walls_a,
          minmay_the_grid_square_5x5_trominoes,
          minmay_the_grid_square_5x5_gyroscope,
          minmay_the_grid_square_5x5_hourglass,
          minmay_the_grid_square_5x5_minimal,
          minmay_the_grid_square_5x5_prize_deathbox,
          minmay_the_grid_square_5x5_eight,
          minmay_the_grid_square_5x5_prize_waves,
          minmay_the_grid_square_5x5_inset, minmay_the_grid_square_5x5_moneybag,
          minmay_the_grid_square_5x5_pentomino_r,
          minmay_the_grid_square_5x5_prize_open,
          minmay_the_grid_square_5x5_n_small,
          minmay_the_grid_square_5x5_eight_small,
          minmay_the_grid_square_5x5_fat_x,
          minmay_the_grid_square_5x5_prize_monsterx,
          minmay_the_grid_square_5x5_corner,
          minmay_the_grid_square_5x5_prize_pseudospiral,
          minmay_the_grid_square_5x5_spiral, minmay_the_grid_square_5x5_dogpile,
          minmay_the_grid_square_5x5_comb,
          minmay_the_grid_square_5x5_checkered_statues,
          minmay_the_grid_square_5x5_plus, minmay_the_grid_square_5x5_inner_i],
          layout_gridville, minmay_orc_entry_guard_dogs, minmay_quadrilaterals
Lair:1:   layout_roguey, serial_forest, infiniplex_forest_lined_4_way,
          infiniplex_forest_clump_small, infiniplex_forest_end_3,
          infiniplex_forest_pool, infiniplex_forest_end_2
Lair:2:   layout_cave_pods, swamp_mist, infiniplex_staircase_pool,
          lemuel_fruit_tree, uniq_erica, uniq_harold
Lair:3:   layout_roguey, spider_nest_entry_a
Lair:4:   layout_regular_city, nicolae_slime_entry_field_trip,
          serial_bayou_lake_a
Lair:5:   cheibrodos_lair_end_hotspot, layout_concentric_octagons,
          portal_ice_cave_entry_ice_simulacra, bobbens_dragon_lair_wall

Skill      XL: |  1  2  3  4  5  6  7  8  9 10 11 12 13 14 |
---------------+-------------------------------------------+-----
Conjurations   | 1 2 3 4 5 |  5.0
Air Magic      | 3 4 5 6 8 9 11 13 14 | 14.5
Stealth        | 2 4 5 |  5.0
Dodging        | 2 3 4 |  4.7
Spellcasting   | 2 3 5 |  5.6
Fighting       | 1 3 4 6 7 9 |  9.8
Staves         | 2 4 5 6 |  6.4
Polearms       | 2 7 8 10 11 | 11.8
Armour         | 1 3 |  3.8
Necromancy     | 1 |  1.0

Action                     |  1- 3 |  4- 6 |  7- 9 | 10-12 | 13-15 || total
---------------------------+-------+-------+-------+-------+-------++-------
  Melee: Whip              |    17 |     1 |       |       |       ||    18
         Dagger            |       |    14 |       |       |       ||    14
         Lajatang          |       |     1 |   120 |    37 |       ||   158
         Demon trident     |       |       |       |   280 |    84 ||   364
         Punch             |       |       |       |     2 |     2 ||     4
         Lochaber axe      |       |       |       |       |   193 ||   193
  Throw: Dart              |       |       |     2 |     3 |     1 ||     6
         Throwing net      |       |       |       |     1 |       ||     1
   Cast: Shock             |    96 |    97 |   323 |   131 |     8 ||   655
         Static Discharge  |     3 |    14 |    30 |    61 |     2 ||   110
         Airstrike         |       |       |       |   176 |   192 ||   368
         Swiftness         |       |       |       |     1 |     6 ||     7
  Evoke: Wand              |       |       |       |     1 |       ||     1
    Use: Scroll            |       |     6 |     1 |     7 |     9 ||    23
         Potion            |       |       |       |     3 |     3 ||     6
   Stab: Sleeping          |       |       |     2 |       |     6 ||     8
 Armour: Robe              |     7 |     7 |    46 |       |       ||    60
         Steam dragon scal |       |       |    33 |   151 |    72 ||   256
         Ring mail         |       |       |       |       |    97 ||    97
  Dodge: Dodged            |    26 |    31 |   138 |   296 |   317 ||   808

Table legend: (Time is in decaauts)
 A = Elapsed time spent in this place.
 B = Non-inter-level travel time spent in this place.
 C = Inter-level travel time spent in this place.
 D = Time resting spent in this place.
 E = Time spent auto-exploring this place.
 F = Levels seen in this place.
 G = Mean time per level.
                   A        B        C        D        E       F      G
               +--------+--------+--------+--------+--------+-----+--------+
         Total |  32349 |  31268 |   1081 |   5498 |  20533 |  18 | 1797.2 |
       Dungeon |  16619 |  16135 |    484 |   2321 |  10863 |  11 | 1510.8 |
          Lair |  13775 |  13179 |    596 |   2834 |   8598 |   5 | 2755.0 |
         Sewer |    182 |    182 |      0 |     24 |     16 |   1 |  182.0 |
        Bailey |   1771 |   1771 |      0 |    319 |   1056 |   1 | 1771.0 |
               +--------+--------+--------+--------+--------+-----+--------+

Top non-repeatable levels by time:
  Lair:5: 3306 daAuts
  Lair:1: 2906 daAuts
  Lair:4: 2894 daAuts
  Lair:2: 2741 daAuts
    D:10: 2651 daAuts
     D:9: 2433 daAuts
    D:11: 2234 daAuts
  Lair:3: 1927 daAuts
  Bailey: 1771 daAuts
     D:2: 1495 daAuts
     D:4: 1468 daAuts
     D:7: 1260 daAuts
     D:5: 1256 daAuts
     D:6: 1050 daAuts
     D:1: 1047 daAuts
